AAA E
LOUISVILLE BATS @ INDIANAPOLIS INDIANS
06/17/2030
 
TOP OF THE 1ST
Louisville Bats batting - Pitching for Indianapolis Indians : LHP Marc Brower
Pitching: LHP Marc Brower
Batting: LHB Chris Loughney 0-0: Ground out 4-3 (Groundball, 4S, EV 92.5 MPH)
Batting: RHB Robert Trujillo 0-0: Ball
1-0: Called Strike
1-1: Swinging Strike
1-2: Foul Ball, location: 9LDF
1-2: Strikes out swinging
Batting: RHB Shawn Washington 0-0: Foul Ball, location: 25F
0-1: Ball
1-1: Called Strike
1-2: Ball
2-2: Foul Ball, location: 2F
2-2: Strikes out swinging
Top of the 1st over - 0 runs, 0 hits, 0 errors, 0 left on base; Louisville 0 - Indianapolis 0
BOTTOM OF THE 1ST
Indianapolis Indians batting - Pitching for Louisville Bats : RHP Victor Mucino
Pitching: RHP Victor Mucino
Batting: RHB Josh Krystosek 0-0: Ball
1-0: Foul Ball, location: 5FF
1-1: Foul Ball, location: 23F
1-2: Ball
2-2: Ball
3-2: Base on Balls
Batting: LHB Danny Crousse 0-0: Ball
1-0: Ball
2-0: Fielders Choice at 2nd, 2-6 (Groundball, 13S, EV 74.4 MPH)
Batting: RHB Leo Resendez 0-0: Ball
1-0: Foul Ball, location: 7LSF
1-1: SINGLE (Line Drive, 8RS, EV 85.6 MPH)
Danny Crousse to second
Batting: LHB Bill Perez 0-0: Foul Ball, location: 2F
0-1: Swinging Strike
0-2: Ball
1-2: Fly out, F9 (Line Drive, 9S, EV 90.6 MPH)
Batting: LHB Chris Rouse 0-0: Ball
1-0: Swinging Strike
1-1: Fly out, F8 (Line Drive, 8LS, EV 93.1 MPH)
Bottom of the 1st over - 0 runs, 1 hit, 0 errors, 2 left on base; Louisville 0 - Indianapolis 0
TOP OF THE 2ND
Louisville Bats batting - Pitching for Indianapolis Indians : LHP Marc Brower
Batting: RHB Jon Riedl 0-0: Ball
1-0: DOUBLE (Groundball, 5L, EV 100.6 MPH)
Batting: RHB Josh Gossard 0-0: Ball
1-0: Ball
2-0: Called Strike
2-1: Ball
3-1: Swinging Strike
3-2: Strikes out swinging
Batting: RHB Hansel Otamendi 0-0: Ball
1-0: Called Strike
1-1: Swinging Strike
1-2: Strikes out swinging
Batting: LHB Mike Lynner 0-0: Ball
1-0: Ball
2-0: Ball
3-0: Base on Balls
Batting: RHB Branson Fitzgerald 0-0: Ball
1-0: Ball
2-0: Called Strike
2-1: Called Strike
2-2: Ball
3-2: Foul Ball, location: 7LMF
3-2: Foul Ball, location: 2F
3-2: Base on Balls
Jon Riedl to third
Mike Lynner to second
Batting: RHB Nate Garrett 0-0: Ground out 4-3 (Groundball, 4, EV 103.1 MPH)
Top of the 2nd over - 0 runs, 1 hit, 0 errors, 3 left on base; Louisville 0 - Indianapolis 0
BOTTOM OF THE 2ND
Indianapolis Indians batting - Pitching for Louisville Bats : RHP Victor Mucino
Now in LF: Mike Silvestri
Now in CF: Hansel Otamendi
Batting: LHB Ben Faulkner 0-0: Ground out 3-1 (Groundball, 34, EV 85.0 MPH)
Batting: RHB Raul Espiridion 0-0: Called Strike
0-1: Called Strike
0-2: Foul Ball, location: 5FF
0-2: Foul Ball, location: 3FF
0-2: Ball
1-2: Foul Ball, location: 9LMF
1-2: Strikes out swinging
Batting: LHB Mahki Backstrom 0-0: Called Strike
0-1: Ball
1-1: Ball
2-1: Ball
3-1: Base on Balls
Batting: RHB Micah Carnes 0-0: Called Strike
0-1: Called Strike
0-2: Ball
1-2: SINGLE (Line Drive, 89M, EV 104.4 MPH)
Mahki Backstrom to second
Batting: RHB Josh Krystosek 0-0: Ball
1-0: Foul Ball, location: 9LDF
1-1: Ball
2-1: SINGLE (Groundball, 6MD, EV 99.4 MPH)
Mahki Backstrom to third
Micah Carnes to second
Runner from 3rd tries for Home, SAFE, throw by CF to home
Batting: LHB Danny Crousse 0-0: Ball
1-0: Swinging Strike
1-1: Ball
2-1: Swinging Strike
2-2: Strikes out looking
Bottom of the 2nd over - 1 run, 2 hits, 0 errors, 2 left on base; Louisville 0 - Indianapolis 1
TOP OF THE 3RD
Louisville Bats batting - Pitching for Indianapolis Indians : LHP Marc Brower
Batting: RHB Mike Silvestri 0-0: Foul Ball, location: 23FF
0-1: Called Strike
0-2: Fly out, F7 (Flyball, 7S, EV 94.4 MPH)
Batting: RHB Robert Trujillo 0-0: Called Strike
0-1: Ball
1-1: Foul Ball, location: 9LDF
1-2: Ball
2-2: Ball
3-2: SINGLE (Line Drive, 56, EV 108.1 MPH)
Batting: RHB Shawn Washington 0-0: Called Strike
0-1: Foul Ball, location: 9LSF
0-2: Foul Ball, location: 5SF
0-2: SINGLE (Line Drive, 4D, EV 103.1 MPH)
Robert Trujillo to second
Batting: RHB Jon Riedl 0-0: Called Strike
0-1: Swinging Strike
0-2: Ball
1-2: Ball
2-2: Foul Ball, location: 9LSF
2-2: Foul Ball, location: 2F
2-2: SINGLE (Groundball, 4MD, EV 100.6 MPH)
Robert Trujillo to third
Shawn Washington to second
Runner from 3rd tries for Home, SAFE, throw by CF to home
Batting: RHB Josh Gossard 0-0: Ball
1-0: Called Strike
1-1: Ball
2-1: Ball
3-1: Swinging Strike
3-2: Foul Ball, location: 7LDF
3-2: Foul Ball, location: 9LSF
3-2: Foul Ball, location: 2F
3-2: Foul Ball, location: 3DF
3-2: Base on Balls
Shawn Washington to third
Jon Riedl to second
Batting: RHB Hansel Otamendi 0-0: Ball
1-0: Called Strike
1-1: Ball
2-1: Ball
3-1: Foul Ball, location: 5FF
3-2: Strikes out swinging
Batting: LHB Mike Lynner 0-0: Called Strike
0-1: Ball
1-1: Called Strike
1-2: Ball
2-2: Strikes out swinging
Top of the 3rd over - 1 run, 3 hits, 0 errors, 3 left on base; Louisville 1 - Indianapolis 1
BOTTOM OF THE 3RD
Indianapolis Indians batting - Pitching for Louisville Bats : RHP Victor Mucino
Batting: RHB Leo Resendez 0-0: Swinging Strike
0-1: Foul Ball, location: 2F
0-2: Ball
1-2: SINGLE (Line Drive, 3L, EV 103.8 MPH)
Batting: LHB Bill Perez 0-0: SINGLE (Groundball, 6MD, EV 107.5 MPH)
Leo Resendez to second
Batting: LHB Chris Rouse 0-0: Grounds into double play, 5-4-3 (Groundball, 56, EV 108.8 MPH)
Leo Resendez to third
Batting: LHB Ben Faulkner 0-0: Called Strike
0-1: Ball
1-1: Ball
2-1: Foul Ball, location: 7LMF
2-2: Foul Ball, location: 5DF
2-2: Ball
3-2: Foul Ball, location: 2F
3-2: Base on Balls
Batting: RHB Raul Espiridion 0-0: Ball
1-0: Called Strike
1-1: Called Strike
1-2: Ball
2-2: Strikes out looking
Bottom of the 3rd over - 0 runs, 2 hits, 0 errors, 2 left on base; Louisville 1 - Indianapolis 1
TOP OF THE 4TH
Louisville Bats batting - Pitching for Indianapolis Indians : LHP Marc Brower
Batting: RHB Branson Fitzgerald 0-0: Foul Ball, location: 2F
0-1: Swinging Strike
0-2: Ball
1-2: Foul Ball, location: 5FF
1-2: Ball
2-2: Ball
3-2: Base on Balls
Batting: RHB Nate Garrett 0-0: Ball
1-0: Ball
2-0: Called Strike
2-1: Fly out, F6 (Line Drive, 6, EV 66.3 MPH)
Batting: RHB Mike Silvestri 0-0: Ball
1-0: Called Strike
1-1: Ball
2-1: Fly out, F8 (Flyball, 8RD, EV 100.0 MPH)
Batting: RHB Robert Trujillo 0-0: Called Strike
0-1: Ball
1-1: Ball
2-1: Ball
3-1: Foul Ball, location: 3F
3-2: Base on Balls
Branson Fitzgerald to second
Batting: RHB Shawn Washington 0-0: Swinging Strike
0-1: Ground out 5-3 (Groundball, 56S, EV 71.3 MPH)
Top of the 4th over - 0 runs, 0 hits, 0 errors, 2 left on base; Louisville 1 - Indianapolis 1
BOTTOM OF THE 4TH
Indianapolis Indians batting - Pitching for Louisville Bats : RHP Victor Mucino
Batting: LHB Mahki Backstrom 0-0: Ball
1-0: Ball
2-0: Foul Ball, location: 25FF
2-1: Ball
3-1: Foul Ball, location: 3F
3-2: Strikes out swinging
Batting: RHB Micah Carnes 0-0: Called Strike
0-1: Called Strike
0-2: Foul Ball, location: 5FF
0-2: Ball
1-2: Strikes out swinging
Batting: RHB Josh Krystosek 0-0: Foul Ball, location: 2F
0-1: Ball
1-1: Ball
2-1: Called Strike
2-2: Foul Ball, location: 2F
2-2: Strikes out swinging
Bottom of the 4th over - 0 runs, 0 hits, 0 errors, 0 left on base; Louisville 1 - Indianapolis 1
TOP OF THE 5TH
Louisville Bats batting - Pitching for Indianapolis Indians : LHP Marc Brower
Pitching: RHP Erik Ekiss
Batting: RHB Jon Riedl 0-0: Foul Ball, location: 2F
0-1: Called Strike
0-2: Foul Ball, location: 2F
0-2: Ball
1-2: Foul Ball, location: 2F
1-2: Ball
2-2: Ball
3-2: Strikes out swinging, 2-3 out at first.
Batting: RHB Josh Gossard 0-0: Ball
1-0: Swinging Strike
1-1: Foul Ball, location: 23F
1-2: Strikes out looking
Batting: RHB Hansel Otamendi 0-0: Ground out 4-3 (Groundball, 4MS, EV 86.3 MPH)
Top of the 5th over - 0 runs, 0 hits, 0 errors, 0 left on base; Louisville 1 - Indianapolis 1
BOTTOM OF THE 5TH
Indianapolis Indians batting - Pitching for Louisville Bats : RHP Victor Mucino
Batting: LHB Danny Crousse 0-0: Called Strike
0-1: Swinging Strike
0-2: Ball
1-2: Foul Ball, location: 2F
1-2: Ground out U3 (Groundball, 3, EV 85.0 MPH)
Batting: RHB Leo Resendez 0-0: Ball
1-0: Ball
2-0: Ball
3-0: Base on Balls
Batting: LHB Bill Perez 0-0: Ball
1-0: Ball
2-0: Ball
3-0: Called Strike
3-1: Base on Balls
Leo Resendez to second
Batting: LHB Chris Rouse 0-0: Ball
1-0: SINGLE (Groundball, 34D, EV 87.5 MPH)
Leo Resendez to third
Bill Perez to second
Batting: LHB Ben Faulkner 0-0: Ball
1-0: Swinging Strike
1-1: Ball
2-1: Ball
3-1: Base on Balls
Leo Resendez scores
Bill Perez to third
Chris Rouse to second
Batting: RHB Raul Espiridion 0-0: Ball
1-0: Ball
2-0: Ball
3-0: Base on Balls
Bill Perez scores
Chris Rouse to third
Ben Faulkner to second
Batting: LHB Mahki Backstrom 0-0: Ball
1-0: Called Strike
1-1: Ball
2-1: Ball
3-1: Foul Ball, location: 3F
3-2: Base on Balls
Chris Rouse scores
Ben Faulkner to third
Raul Espiridion to second
Pitching: LHP Jim Unknown
Batting: RHB Micah Carnes 0-0: Called Strike
0-1: Ball
1-1: Foul Ball, location: 2F
1-2: Foul Ball, location: 9LDF
1-2: Ball
2-2: Ball
3-2: Strikes out looking
Batting: RHB Josh Krystosek 0-0: Swinging Strike
0-1: Ball
1-1: Foul Ball, location: 5F
1-2: GRAND SLAM HOME RUN (Flyball, 7D, EV 106.9 MPH), Distance : 409 ft
Batting: LHB Danny Crousse 0-0: Ball
1-0: Swinging Strike
1-1: Foul Ball, location: 7LDF
1-2: Foul Ball, location: 7LMF
1-2: Ball
2-2: SINGLE (Groundball, P, EV 81.9 MPH) (infield hit)
Batting: RHB Leo Resendez 0-0: Ball
1-0: Called Strike
1-1: Ball
2-1: Fly out, F7 (Flyball, 7, EV 96.3 MPH)
Bottom of the 5th over - 7 runs, 3 hits, 0 errors, 1 left on base; Louisville 1 - Indianapolis 8
TOP OF THE 6TH
Louisville Bats batting - Pitching for Indianapolis Indians : RHP Erik Ekiss
Batting: LHB Mike Lynner 0-0: Fly out, F8 (Flyball, 78XD, EV 89.4 MPH)
Batting: RHB Branson Fitzgerald 0-0: Ball
1-0: Ball
2-0: SINGLE (Groundball, 4MD, EV 104.4 MPH)
Batting: RHB Nate Garrett 0-0: Called Strike
0-1: Ball
1-1: Ball
2-1: Fly out, F9 (Flyball, 9S, EV 95.0 MPH)
Batting: RHB Mike Silvestri 0-0: Ball
1-0: SINGLE (Groundball, 6MD, EV 97.5 MPH)
Branson Fitzgerald to second
Batting: RHB Robert Trujillo 0-0: Ball
1-0: Called Strike
1-1: Foul Ball, location: 9LSF
1-2: Foul Ball, location: 3F
1-2: Ball
2-2: Ball
3-2: Base on Balls
Branson Fitzgerald to third
Mike Silvestri to second
Batting: RHB Shawn Washington 0-0: Fly out, F7 (Line Drive, 7S, EV 92.5 MPH)
Top of the 6th over - 0 runs, 2 hits, 0 errors, 3 left on base; Louisville 1 - Indianapolis 8
BOTTOM OF THE 6TH
Indianapolis Indians batting - Pitching for Louisville Bats : LHP Jim Unknown
Batting: LHB Bill Perez 0-0: Ball
1-0: Ball
2-0: Ball
3-0: Base on Balls
Batting: LHB Chris Rouse 0-0: Fly out, F8 (Flyball, 8RXD, EV 106.9 MPH)
Batting: LHB Ben Faulkner 0-0: Ball
1-0: Ball
2-0: Foul Ball, location: 5SF
2-1: Called Strike
2-2: Ball
3-2: Base on Balls
Bill Perez to second
Batting: RHB Raul Espiridion 0-0: Ball
1-0: Ball
2-0: Called Strike
2-1: Foul Ball, location: 2F
2-2: Ball
3-2: Base on Balls
Bill Perez to third
Ben Faulkner to second
Batting: LHB Mahki Backstrom 0-0: Ball
1-0: Swinging Strike
1-1: Ball
2-1: Called Strike
2-2: Foul Ball, location: 2F
2-2: Strikes out swinging
Batting: RHB Micah Carnes 0-0: Called Strike
0-1: Ball
1-1: Ball
2-1: Ball
3-1: Base on Balls
Bill Perez scores
Ben Faulkner to third
Raul Espiridion to second
Batting: RHB Josh Krystosek 0-0: Ball
1-0: Ball
Wild Pitch!
Ben Faulkner scores
Raul Espiridion to third
Micah Carnes to second
2-0: Hit by Pitch
Pitching: LHP Jim Unknown
Batting: LHB Danny Crousse 0-0: Ball
1-0: Ball
2-0: Swinging Strike
2-1: Ball
3-1: Base on Balls
Raul Espiridion scores
Micah Carnes to third
Josh Krystosek to second
Batting: RHB Leo Resendez 0-0: Ball
1-0: Ground out 6-3 (Groundball, 6M, EV 100.0 MPH)
Bottom of the 6th over - 3 runs, 0 hits, 0 errors, 3 left on base; Louisville 1 - Indianapolis 11
TOP OF THE 7TH
Louisville Bats batting - Pitching for Indianapolis Indians : RHP Erik Ekiss
Pinch Hitting: RHB Derek Bolte 0-0: Ball
1-0: Ground out 1-3 (Groundball, 15S, EV 66.9 MPH)
Pinch Hitting: SHB Isaiah Haynie 0-0: Ball
1-0: Foul Ball, location: 25FF
1-1: Ball
2-1: Ball
3-1: Base on Balls
Pitching: RHP Danny Clift
Batting: RHB Hansel Otamendi 0-0: Called Strike
0-1: SINGLE (Groundball, 6MD, EV 100.6 MPH)
Isaiah Haynie to second
Runner from 2nd tries for 3rd, SAFE, throw by CF made to third
Batting: LHB Mike Lynner 0-0: Ball
1-0: Ball
Hansel Otamendi steals 2nd base (no throw)
2-0: Called Strike
2-1: Ball
3-1: Foul Ball, location: 7LDF
3-2: SINGLE (Line Drive, 8LS, EV 94.4 MPH)
Isaiah Haynie scores
Hansel Otamendi to third
Runner from 3rd tries for Home, SAFE, throw by CF to home
Batting: RHB Branson Fitzgerald 0-0: Ball
1-0: Ball
2-0: Foul Ball, location: 2F
2-1: Ball
3-1: Fly out, F8 (Line Drive, 8LM, EV 93.8 MPH)
Batting: RHB Nate Garrett 0-0: Fly out, F9 (Line Drive, 9, EV 90.6 MPH)
Top of the 7th over - 2 runs, 2 hits, 0 errors, 1 left on base; Louisville 3 - Indianapolis 11
BOTTOM OF THE 7TH
Indianapolis Indians batting - Pitching for Louisville Bats : LHP Jim Unknown
Now at SS: Derek Bolte
Now in CF: Isaiah Haynie
Now in RF: Hansel Otamendi
Batting: LHB Bill Perez 0-0: Foul Ball, location: 2F
0-1: Foul Ball, location: 2LF
0-2: Foul Ball, location: 2F
0-2: Strikes out swinging
Batting: LHB Chris Rouse 0-0: Called Strike
0-1: Ball
1-1: Reached on error, E1 (Groundball, 34S, EV 65.0 MPH)
Batting: LHB Ben Faulkner 0-0: Ball
1-0: Fly out, F9 (Flyball, 9, EV 85.6 MPH)
Batting: RHB Raul Espiridion 0-0: Ground out 6-3 (Groundball, P, EV 85.0 MPH)
Bottom of the 7th over - 0 runs, 0 hits, 1 error, 1 left on base; Louisville 3 - Indianapolis 11
TOP OF THE 8TH
Louisville Bats batting - Pitching for Indianapolis Indians : RHP Danny Clift
Pinch Hitting: LHB Tim McGinnis 0-0: Ground out 4-3 (Groundball, 4M, EV 101.3 MPH)
Batting: RHB Robert Trujillo 0-0: Foul Ball, location: 5SF
0-1: Called Strike
0-2: Ball
1-2: Fly out, F5 (Popup, 56S, EV 74.4 MPH)
Batting: RHB Shawn Washington 0-0: Ball
1-0: Called Strike
1-1: Swinging Strike
1-2: Strikes out swinging
Top of the 8th over - 0 runs, 0 hits, 0 errors, 0 left on base; Louisville 3 - Indianapolis 11
BOTTOM OF THE 8TH
Indianapolis Indians batting - Pitching for Louisville Bats : LHP Jim Unknown
Now in LF: Isaiah Haynie
Now in CF: Mike Beard
Batting: LHB Mahki Backstrom 0-0: Ball
1-0: Ball
2-0: Ball
3-0: Base on Balls
Batting: RHB Micah Carnes 0-0: Ball
1-0: DOUBLE (Line Drive, 8LXD, EV 103.8 MPH)
Mahki Backstrom to third
Runner from 3rd tries for Home, SAFE, no throw by CF
Pinch Hitting: LHB Solomon Maguire 0-0: Ball
1-0: DOUBLE (Line Drive, 9LM, EV 93.1 MPH)
Micah Carnes scores
Batting: LHB Danny Crousse 0-0: Ball
1-0: Ball
2-0: Called Strike
2-1: Foul Ball, location: 2F
2-2: Ball
3-2: Base on Balls
Batting: RHB Leo Resendez 0-0: Ball
1-0: Ball
2-0: Ball
Wild Pitch!
Solomon Maguire to third
Danny Crousse to second
3-0: Called Strike
3-1: Base on Balls
Batting: LHB Bill Perez 0-0: Foul Ball, location: 2F
0-1: Foul Ball, location: 2F
0-2: Foul Ball, location: 2F
0-2: Foul Ball, location: 5SF
0-2: Foul Ball, location: 23F
0-2: Ball
1-2: Foul Ball, location: 2F
1-2: Foul Ball, location: 3F
1-2: SINGLE (Flyball, 4D, EV 90.0 MPH)
Solomon Maguire scores
Danny Crousse to third
Leo Resendez to second
Batting: LHB Chris Rouse 0-0: Ball
1-0: Called Strike
1-1: Ball
2-1: Fly out, F9 (Flyball, 9, EV 95.6 MPH)
Batting: LHB Ben Faulkner 0-0: Grounds into double play, 4-6-3 (Groundball, 4S, EV 81.9 MPH)
Bottom of the 8th over - 3 runs, 3 hits, 0 errors, 2 left on base; Louisville 3 - Indianapolis 14
TOP OF THE 9TH
Louisville Bats batting - Pitching for Indianapolis Indians : RHP Danny Clift
Now in RF: Solomon Maguire
Batting: RHB Derek Bolte 0-0: SINGLE (Groundball, 56D, EV 102.5 MPH)
Batting: SHB Isaiah Haynie 0-0: Ball
1-0: Foul Ball, location: 7LSF
1-1: Ball
2-1: Swinging Strike
2-2: Ball
3-2: Fly out, F8 (Flyball, 89D, EV 104.4 MPH)
Batting: RHB Hansel Otamendi 0-0: Ball
1-0: Called Strike
1-1: Foul Ball, location: 2F
1-2: Strikes out swinging
Batting: LHB Mike Lynner 0-0: Ball
1-0: Called Strike
1-1: Foul Ball, location: 23F
1-2: Ball
2-2: Ball
3-2: Ground out 6-3 (Groundball, 6S, EV 63.8 MPH)
Top of the 9th over - 0 runs, 1 hit, 0 errors, 1 left on base; Louisville 3 - Indianapolis 14
Friday, March 22nd , 2024 - OOTP Baseball 24.7 Build 72